 Dungeon Crawl Stone Soup version 0.17.0-28-g6e173f8 (webtiles) character file.

17329 dohliylev the Unseen (level 12, 0/88 HPs)
             Began as a Vampire Assassin on Nov 22, 2015.
             Was a Priest of Dithmenos.
             Slain by an enchanted long sword (13 damage)
             ... on level 13 of the Dungeon on Nov 23, 2015.
             The game lasted 02:59:11 (19556 turns).

dohliylev the Unseen (Vampire Assassin)            Turns: 19556, Time: 02:59:11

Health: 0/88       AC: 10    Str: 12    XL:     12   Next: 17%
Magic:  12/12      EV: 20    Int: 14    God:    Dithmenos [***...]
Gold:   482        SH:  0    Dex: 23    Spells: 1 memorised, 4 levels left

rFire  . . .     SeeInvis +     h - +0 dagger (venom)
rCold  . . .     Clarity  .     n - +2 robe {rN+}
rNeg   + + +     SustAt   .     (no shield)
rPois  .         Gourm    .     B - +2 hat
rElec  .         Spirit   .     G - +1 cloak of Twilight {rN+ Slay+3}
rCorr  +         Warding  .     c - +0 pair of gloves
rMut   .         Stasis   .     w - +0 pair of boots
MR     +....                    Q - amulet of resist corrosion
Stlth  ++++++++++               N - +3 ring of dexterity
                                S - +2 ring of strength

@: about to teleport, wreathed by umbra, somewhat resistant to hostile
enchantments, uncannily stealthy
A: fangs 3, see invisible, unbreathing
a: Bat Form, Shadow Step, Renounce Religion


You were on level 13 of the Dungeon.
You worshipped Dithmenos.
Dithmenos was most pleased with you.
You were not thirsty.

You visited 3 branches of the dungeon, and saw 16 of its levels.

You collected 881 gold pieces.
You spent 399 gold pieces at shops.

Inventory:

Hand Weapons
 b - a +0 blowgun
 h - a +0 dagger of venom (weapon)
Missiles
 e - 95 poisoned needles
 f - 12 curare-tipped needles
Armour
 c - a +0 pair of gloves (worn)
 n - a +2 robe of positive energy (worn)
 w - a +0 pair of boots (worn)
 B - a +2 hat (worn)
 G - the +1 cloak of Twilight (worn) {rN+ Slay+3}
   (You bought it in a shop on level 5 of the Dungeon)

   It affects your accuracy and damage with ranged weapons and melee attacks
   (+3).
   It protects you from negative energy.
Rods
 A - a +1 rod of clouds (13/13)
   (You found it on level 5 of the Dungeon)
Jewellery
 q - an uncursed amulet of resist mutation
 N - a +3 ring of dexterity (right hand)
 Q - an amulet of resist corrosion (around neck)
 S - a +2 ring of strength (left hand)
 X - an uncursed ring of positive energy
Wands
 D - a wand of polymorph (16)
 E - a wand of slowing (28)
 H - a wand of random effects (38)
 I - a wand of disintegration (12)
Scrolls
 d - 2 scrolls of enchant weapon
 j - 5 scrolls of magic mapping {unknown}
 k - 5 scrolls of remove curse
 o - 5 scrolls of teleportation
 r - 7 scrolls of enchant armour
 t - 7 scrolls of recharging
 y - 7 scrolls of identify
 C - a scroll of silence {unknown}
 F - 3 scrolls of fog {unknown}
 K - 4 scrolls of immolation {unknown}
 O - 2 scrolls of fear {unknown}
 V - a scroll of brand weapon {unknown}
Potions
 g - 8 potions of blood
 i - 7 potions of cancellation
 m - 2 potions of might {unknown}
 p - a potion of brilliance {unknown}
 s - a potion of degeneration {unknown}
 u - 2 potions of flight {unknown}
 x - a potion of poison {unknown}
 L - a potion of invisibility {unknown}
 W - a potion of mutation {unknown}
 Y - a potion of heal wounds {unknown}
Books
 v - a book of Geomancy

   Spells                             Type                      Level
   a - Sandblast                      Earth                        1
   b - Stoneskin                      Transmutation/Earth          2
   c - Passwall                       Transmutation/Earth          3
   d - Stone Arrow                    Conjuration/Earth            3
   e - Petrify                        Transmutation/Earth          4
   f - Lee's Rapid Deconstruction     Earth                        5
 M - a book of Transfigurations

   Spells                             Type                      Level
   a - Stoneskin                      Transmutation/Earth          2
   b - Irradiate                      Conjuration/Transmutation    5
   c - Statue Form                    Transmutation/Earth          6
   d - Hydra Form                     Transmutation                6
   e - Dragon Form                    Transmutation                7
 T - a book of Annihilations

   Spells                             Type                      Level
   a - Poison Arrow                   Conjuration/Poison           6
   b - Chain Lightning                Conjuration/Air              8
   c - Lehudib's Crystal Spear        Conjuration/Earth            8
   d - Glaciate                       Conjuration/Ice              9
   e - Fire Storm                     Conjuration/Fire             9


   Skills:
 + Level 6.1 Fighting
 * Level 9.2 Short Blades
 - Level 6.6 Throwing
 - Level 8.0 Dodging
 * Level 19.9 Stealth


You had 4 spell levels left.
You knew the following spells:

 Your Spells              Type           Power        Failure   Level  Hunger
a - Dragon Form           Trmt           #.........   100%        7    #######


Dungeon Overview and Level Annotations

Branches:
Dungeon (14/15)            Temple (1/1) D:6            Lair (0/8) D:11
    Orc (1/4) D:12
 Vaults: D:13-14

Altars:
Ashenzari
Cheibriados
Dithmenos
Elyvilon
Fedhas
Gozag
Kikubaaqudgha
Makhleb
Nemelex Xobeh
Okawaru
Qazlal
Ru
Sif Muna
Trog
Vehumet
Xom
Yredelemnul
Zin
The Shining One

Shops:
D:5 [[?}?   D:7 [   D:8 *   D:9 [:}[[   Orc:1 !

Annotations:
D:8 George's ghost, novice GrFi
D:14 bollicks1999's ghost, journeyman MiFi


Innate Abilities, Weirdness & Mutations

You have razor-sharp teeth.
You have supernaturally acute eyesight.
You can survive without breathing.


Message History

Your +0 pair of boots unmelds from your body.
Your +2 robe of positive energy unmelds from your body.
Your +2 ring of strength unmelds from your body.
Your +3 ring of dexterity unmelds from your body.
It begins to drip with poison!
You feel more protected from negative energy.
You feel stronger.
You feel agile. The enchanted long sword hits you!!
The enchanted long sword hits you!
You hit the enchanted long sword but do no damage.
The enchanted long sword hits you but does no damage.
You miss the enchanted long sword.
You hit the enchanted long sword but do no damage.
The enchanted long sword hits you.
* * * LOW HITPOINT WARNING * * *
You hit the enchanted long sword but do no damage.
The enchanted long sword hits you!
* * * LOW HITPOINT WARNING * * *
As you read the scroll of teleportation, it crumbles to dust.
You feel strangely unstable. The enchanted long sword hits you!
You die...

..............#
#.#
.########...#.#
#.# .# #(#.#
#9# .# #.# # .#
.# #.# .# .#
#.# .# ## #.#
.# #.#######.#
#......(@.#
#.#######.# ###
##


You could see a gargoyle (dormant) and an enchanted long sword.

Vanquished Creatures
  Gastronok (D:8)
  Maud (D:10)
  Erolcha (D:10)
  A centaur warrior (D:14)
  A tengu warrior (D:11)
  2 unseen horrors
  Pikel (D:7)
  2 hill giants
  3 trolls
  A two-headed ogre (D:8)
  A queen bee (D:11)
  2 polar bears (D:9)
  Prince Ribbit (D:7)
  A hungry ghost (D:11)
  A steam dragon (D:8)
  8 yaks
  A hippogriff (D:11)
  A wolf (D:9)
  A soldier ant (D:11)
  3 sky beasts
  2 phantoms
  5 ice beasts
  An eye of draining (D:9)
  A wasp (D:9)
  2 orc warriors
  2 black bears
  A necrophage (D:9)
  3 ogres
  2 crocodiles (D:11)
  3 centaurs
  2 big kobolds
  3 giant frogs
  A wyvern zombie (D:7)
  A water moccasin skeleton (D:9)
  4 scorpions
  6 wights
  32 killer bees
  3 crimson imps
  A quasit (D:10)
  2 giant frog zombies
  20 orc wizards
  3 centaur zombies
  A centaur skeleton (D:8)
  5 orc priests
  6 hounds
  3 jellies
  Jessica (D:2)
  A giant frog skeleton (D:10)
  2 iguanas
  14 worker ants
  A hound skeleton (D:4)
  A worker ant zombie (D:9)
  7 gnolls
  13 adders
  3 shadow imps
  A hound simulacrum (D:9)
  2 white imps (D:9)
  2 oozes
  An adder zombie (D:7)
  A worm (D:3)
  6 giant geckos
  46 orcs
  7 bats
  10 giant cockroaches
  5 hobgoblins
  7 jackals
  7 quokkas
  4 ball pythons
  6 giant newts
  11 goblins
  16 kobolds
  13 rats
  A fungus (D:11)
  3 plants (D:11)
341 creatures vanquished.

Vanquished Creatures (others)
  A giant frog (D:7)
  An orc (D:7)
  A fungus (D:11)
3 creatures vanquished.

Grand Total: 344 creatures vanquished

Notes
Turn   | Place    | Note
--------------------------------------------------------------
     0 | D:1      | dohliylev the Vampire Assassin began the quest for the Orb.
     0 | D:1      | Reached XP level 1. HP: 16/16 MP: 1/1
    33 | D:1      | Reached skill level 6 in Stealth
    81 | D:1      | Reached XP level 2. HP: 15/22 MP: 2/2
   752 | D:1      | You fall through a shaft!
   752 | D:2      | Noticed Jessica
   753 | D:2      | Reached skill level 7 in Stealth
   770 | D:2      | Killed Jessica
   770 | D:2      | Reached XP level 3. HP: 11/27 MP: 3/3
  1240 | D:2      | Reached skill level 8 in Stealth
  1251 | D:2      | Found a shadowy altar of Dithmenos.
  1273 | D:2      | Became a worshipper of Dithmenos the Shadowed
  1594 | D:2      | Reached XP level 4. HP: 33/33 MP: 4/4
  1626 | D:2      | Found a sparkling altar of Nemelex Xobeh.
  1630 | D:2      | Found an ancient bone altar of Kikubaaqudgha.
  1630 | D:2      | Found a deep blue altar of Sif Muna.
  1631 | D:2      | Found a shattered altar of Ashenzari.
  1635 | D:2      | Found a stormy altar of Qazlal.
  2295 | D:3      | Reached skill level 9 in Stealth
  2616 | D:3      | Reached XP level 5. HP: 38/38 MP: 5/5
  2625 | D:3      | Reached * piety under Dithmenos
  3310 | D:3      | Reached skill level 10 in Stealth
  4692 | D:4      | Reached XP level 6. HP: 44/44 MP: 6/6
  5107 | D:4      | Reached XP level 7. HP: 32/50 MP: 7/7
  5335 | D:4      | Noticed a phantom
  5507 | D:4      | Killed a phantom
  5507 | D:4      | Reached skill level 11 in Stealth
  5599 | D:4      | Found a glowing golden altar of the Shining One.
  5676 | D:4      | You fall through a shaft!
  5676 | D:5      | Entered Level 5 of the Dungeon
  5690 | D:5      | Reached ** piety under Dithmenos
  5700 | D:5      | Found Mocrya's Magic Scroll Shop.
  5704 | D:5      | Got a translucent ring mail
  5773 | D:5      | Found Pifyib's Magic Scroll Emporium.
  6400 | D:5      | Reached XP level 8. HP: 22/57 MP: 8/8
  6914 | D:5      | Found Litredo's Antique Armour Shop.
  7037 | D:5      | Found Yskahoz's Armour Shop.
  7104 | D:5      | Found Vepidil's Gadget Emporium.
  7218 | D:6      | Reached skill level 5 in Dodging
  7364 | D:6      | Reached skill level 12 in Stealth
  7388 | D:6      | Found a staircase to the Ecumenical Temple.
  7397 | Temple   | Entered the Ecumenical Temple
  8404 | D:5      | Bought the +1 cloak of Twilight {rN+ Slay+3} for 399 gold pieces
  8465 | D:7      | Noticed Prince Ribbit
  8478 | D:7      | Killed Prince Ribbit
  8478 | D:7      | Reached XP level 9. HP: 63/63 MP: 9/9
  8561 | D:7      | Reached skill level 13 in Stealth
  8955 | D:7      | Found Cittipti's Antique Armour Shop.
  9043 | D:7      | Reached skill level 5 in Throwing
  9107 | D:7      | Noticed Pikel
  9114 | D:7      | Killed Pikel
  9281 | D:8      | Reached skill level 5 in Short Blades
  9438 | D:8      | Noticed George's ghost (novice GrFi)
  9505 | D:8      | Reached *** piety under Dithmenos
  9568 | D:8      | HP: 3/65 [centaur/arrow (3)]
 10334 | D:8      | Reached skill level 14 in Stealth
 10377 | D:8      | Reached XP level 10. HP: 9/71 MP: 10/10
 11045 | D:8      | Found a shimmering altar of Xom.
 11194 | D:8      | Noticed Gastronok
 11424 | D:8      | Killed Gastronok
 11424 | D:8      | Reached skill level 15 in Stealth
 11639 | D:8      | Found Kicuw's Assorted Antiques.
 12434 | D:9      | Found Qoalugopn's Armour Shop.
 12513 | D:9      | Found Jajoasy's Armour Emporium.
 12707 | D:9      | Found Gywoer's Book Shoppe.
 12724 | D:9      | Learned a level 7 spell: Dragon Form
 12745 | D:9      | Found Ovif's Armour Shoppe.
 12937 | D:9      | Reached skill level 16 in Stealth
 13713 | D:9      | Found a shimmering altar of Xom.
 14015 | D:9      | Reached XP level 11. HP: 55/78 MP: 11/11
 14144 | D:9      | Found Qyipaung's Gadget Shoppe.
 15012 | D:10     | Entered Level 10 of the Dungeon
 15033 | D:10     | Reached skill level 5 in Fighting
 15417 | D:10     | Noticed Erolcha
 15422 | D:10     | Noticed Maud
 15423 | D:10     | Killed Erolcha
 15423 | D:10     | Reached skill level 17 in Stealth
 15427 | D:10     | Killed Maud
 16260 | D:10     | Noticed an unseen horror
 16277 | D:10     | Killed an unseen horror
 16277 | D:10     | Reached skill level 18 in Stealth
 16333 | D:10     | Noticed a hill giant
 16354 | D:10     | Killed a hill giant
 16393 | D:11     | Found a staircase to the Lair.
 16494 | D:11     | Noticed an unseen horror
 16527 | D:11     | Killed an unseen horror
 17509 | D:11     | Reached skill level 19 in Stealth
 17890 | D:11     | Noticed a tengu warrior
 17893 | D:11     | Killed a tengu warrior
 17962 | D:11     | Noticed a hill giant
 17982 | D:11     | Killed a hill giant
 17982 | D:11     | Reached XP level 12. HP: 88/88 MP: 12/12
 18485 | D:12     | Found a staircase to the Orcish Mines.
 18495 | Orc:1    | Entered Level 1 of the Orcish Mines
 18496 | Orc:1    | Found Esip's Distillery.
 19151 | D:12     | You fall through a shaft for 2 floors!
 19151 | D:14     | Noticed bollicks1999's ghost (journeyman MiFi)
 19182 | D:14     | Noticed a centaur warrior
 19188 | D:14     | Killed a centaur warrior
 19325 | D:14     | Noticed an eight-headed hydra
 19464 | D:13     | Noticed a centaur warrior
 19556 | D:13     | Slain by an enchanted long sword

Action                   |  1- 3 |  4- 6 |  7- 9 | 10-12 || total
-------------------------+-------+-------+-------+-------++-------
Melee: Dagger            |    65 |   179 |   524 |   825 ||  1593
 Fire: Blowgun           |    20 |    44 |    40 |    97 ||   201
Invok: Shadow Step       |       |       |     4 |    10 ||    14
 Abil: End Transformatio |       |     9 |    11 |    15 ||    35
       Bat Form          |       |     9 |    11 |    15 ||    35
  Use: Scroll            |     1 |       |     7 |     2 ||    10
       Potion            |       |     5 |     6 |    14 ||    25
 Stab: Sleeping          |    11 |    24 |    32 |    38 ||   105
       Distracted        |       |     5 |     8 |    11 ||    24
  Eat: Corpse            |       |     1 |     5 |     5 ||    11
